 Dungeon Crawl Stone Soup version 0.29.1-15-g9cfb28693d (webtiles) character file.

Game seed: 8985657128273626592

1829 croobank the Covert (level 8, -2/56 HPs)
             Began as a Demonspawn Fire Elementalist on Apr 20, 2023.
             Was an Initiate of Gozag.
             Slain by a gnoll
             ... wielding a +0 flail
             ... led by a gnoll bouda
              (10 damage)
             ... on level 5 of the Dungeon.
             The game lasted 00:14:29 (7102 turns).

croobank the Covert (Demonspawn Fire Elementalist)  Turns: 7102, Time: 00:14:29

Health: -2/56      AC:  2    Str: 10    XL:     8   Next: 86%
Magic:  10/12      EV: 14    Int: 18    God:    Gozag
Gold:   529        SH:  0    Dex: 13    Spells: 3/13 levels left

rFire   . . .      SeeInvis .   w - +3 flail (drain)
rCold   . . .      Faith    .   (no shield)
rNeg    . . .      Spirit   .   a - +0 robe
rPois   .          Reflect  .   (no helmet)
rElec   .          Harm     .   D - scarf {repulsion}
rCorr   .          Rampage  .   (no gloves)
Will    .....                   (no boots)
Stlth   ++++......              o - amulet of regeneration
HPRegen 0.98/turn               (no ring)
MPRegen 0.13/turn               (no ring)

@: lethally poisoned (-2 -> -11), repel missiles
A: repulsion field 1, foul stench 1
a: Renounce Religion, Potion Petition, Call Merchant, Bribe Branch


You were on level 5 of the Dungeon.
You worshipped Gozag.
Gozag was pleased with you.
You visited 2 branches of the dungeon, and saw 7 of its levels.

You collected 593 gold pieces.
You paid 64 gold pieces to Gozag.

Inventory:

Hand Weapons
 e - a +0 short sword
 m - a +3 falchion
 r - a +0 war axe
 s - a +0 dagger
 w - a +3 flail of draining (weapon)
Missiles
 c - 3 javelins
Armour
 a - a +0 robe (worn)
 p - a +0 cloak
 D - a scarf of repulsion (worn)
Magical Staves
 G - a staff of air
Jewellery
 h - an amulet of reflection
 o - an amulet of regeneration (around neck)
Wands
 A - a wand of flame (6)
 B - a wand of quicksilver (9)
 H - a wand of polymorph (8)
Scrolls
 d - a scroll of magic mapping {unknown}
 g - 2 scrolls of fog
 j - a scroll of silence
 x - a scroll of acquirement {unknown}
 y - a scroll of brand weapon {unknown}
 E - 4 scrolls of amnesia {unknown}
Potions
 f - a potion of ambrosia {unknown}
 i - 2 potions of haste
 k - a potion of mutation {unknown}
 l - 5 potions of curing {unknown}
 n - 2 potions of lignification {unknown}
 q - a potion of flight {unknown}
 z - 2 potions of cancellation {unknown}
 C - a potion of brilliance {unknown}
 F - a potion of resistance {unknown}


   Skills:
 + Level 2.0 Fighting
 + Level 2.8 Dodging
 - Level 10.0 Stealth
 + Level 3.0 Spellcasting
 + Level 2.4 Conjurations
 + Level 3.5 Fire Magic
 + Level 2.0 Evocations


You had 3 spell levels left.
You knew the following spells:

 Your Spells              Type           Power      Damage    Failure   Level
a - Foxfire               Conj/Fire      52%        2x1d6     4%          1
b - Scorch                Fire           30%        2d7       6%          2
c - Inner Flame           Hex/Fire       9%         N/A       24%         3
d - Flame Wave            Conj/Fire      13%        2d6       43%         4

Your spell library contained the following spells:

 Spells                   Type           Power      Damage    Failure   Level
 Conjure Flame            Conj/Fire      13%        6-21      14%         3
 Static Discharge         Conj/Air       7%         3-4/arc   16%         2
 Sublimation of Blood     Necr           2%         N/A       24%         2
 Wereblood                Tmut           2%         N/A       24%         2
 Lightning Bolt           Conj/Air       3%         1d15      95%         5
 Summon Hydra             Summ           1%         N/A       100%        7
 Maxwell's Capacitive Co  Air            1%         ∞         100%        8


Dungeon Overview and Level Annotations

Branches:
Dungeon (6/15)             Temple (1/1) D:4

Altars:
Ashenzari
Cheibriados
Dithmenos
Gozag
Kikubaaqudgha
Makhleb
Okawaru
Ru
Sif Muna
Trog
Uskayaw
Vehumet
Wu Jian
Xom
Yredelemnul


Innate Abilities, Weirdness & Mutations

You are surrounded by a mild repulsion field. (EV +2)
You may rarely emit foul miasma when damaged in melee.


Message History

The gnoll attacks as you move away! The gnoll misses you.
The gnoll attacks as you move away! The gnoll barely misses you.
There is a stone staircase leading up here.
The gnoll hits you with a +0 club.
You climb upwards.
There is a stone staircase leading down here.
You sock the gnoll! You drain the gnoll.
You kill the gnoll!
You start resting.
Magic restored.
You start resting.
HP restored.
You now have 529 gold pieces (gained 5).
You see here a +0 club.
There is a stone staircase leading down here.
Okay, then.
You climb downwards.
The gnoll barely misses you.
The gnoll hits you from afar with a +1 halberd of venom!
You are poisoned.
The gnoll hits you with a +0 club. The gnoll closely misses you.
There is a stone staircase leading up, spattered with blood here.
You feel very sick.
The gnoll hits you from afar with a +1 halberd of venom!
You are more poisoned.
The gnoll hits you with a +0 club. The gnoll hits you with a +0 flail.
You emit a cloud of foul miasma!
The gnoll barely misses you.
You climb upwards.
You feel extremely sick.
There is a stone staircase leading down here.
Casting: Foxfire (safe; 4% risk of failure)
Confirm with . or Enter, or press ? or * to list all spells.
Flames lash the gnoll.
The gnoll is severely wounded.
The gnoll's fire resistance burns away.
You feel very sick. The gnoll hits you with a +0 club!
* * * LOW HITPOINT WARNING * * *
The gnoll hits you with a +0 flail!
You die...
Your body crumbles into a pile of gold.

........##..##....# #.#
#.##..)........##.# #.##
..[...#.#...#####.### #..#
.#.####.............######.###
...# #......).####...##......#
.#####.##..##..# ##..........#
.# ##..##.####.## ##.........#
.# #..###.# #.g## ###.......#
####......# ##)@######......#
#...###.# ##g.....#......#
###...# #.# ######........#
......# #.# ##..###.##
###...###.# ##..##.#
#.......#### ##<...#
#..........# ###.(###
#..........# #....#
####.......# ##.#.###


You could see 2 gnolls.

Vanquished Creatures
  Grinder (D:4)
  Sigmund (D:5)
  Eustachio (D:5)
  Menkaure (D:6)
  A water moccasin (D:5)
  A black bear (D:4)
  2 ogres (D:4)
  2 centaurs (D:5)
  A scorpion (D:5)
  A necrophage (D:6)
  5 orc priests
  2 jellies (D:4)
  3 hounds
  An iguana (D:5)
  2 orc wizards
  6 gnolls
  4 adders
  An ufetubus (D:5)
  2 worms
  2 dart slugs
  16 orcs
  5 endoplasms
  4 giant cockroaches
  5 goblins
  5 hobgoblins
  5 jackals
  10 kobolds
  A quokka (D:5)
  4 ball pythons
  5 bats
  3 frilled lizards
  5 rats (D:1)
108 creatures vanquished.

Vanquished Creatures (others)
  160 foxfires
  5 plants (D:5)
165 creatures vanquished.

Grand Total: 273 creatures vanquished

Notes
Turn   | Place    | Note
-------+----------+-------------------------------------------
     0 | D:1      | croobank the Demonspawn Fire Elementalist began the quest
                  | for the Orb.
     0 | D:1      | Reached XP level 1. HP: 13/13 MP: 3/3
   217 | D:1      | Found a faded altar of an unknown god.
   248 | D:1      | Reached skill level 2 in Stealth
   358 | D:1      | Gained mutation: You are surrounded by a mild repulsion
                  | field. (EV +2) [demonic ancestry]
   358 | D:1      | Reached XP level 2. HP: 16/19 MP: 5/5
   409 | D:1      | Learned a level 2 spell: Scorch
  1275 | D:2      | Reached skill level 3 in Stealth
  1409 | D:2      | Reached XP level 3. HP: 12/24 MP: 1/6
  1576 | D:2      | Found a shimmering altar of Xom.
  2115 | D:3      | Found an iron altar of Okawaru.
  2211 | D:3      | Reached skill level 4 in Stealth
  2211 | D:3      | Reached XP level 4. HP: 30/30 MP: 4/7
  3006 | D:4      | Reached skill level 5 in Stealth
  3006 | D:4      | Reached XP level 5. HP: 35/35 MP: 2/8
  3362 | D:4      | Found a staircase to the Ecumenical Temple.
  3372 | Temple   | Entered the Ecumenical Temple
  3444 | Temple   | Became a worshipper of Gozag Ym Sagoz the Greedy
  3478 | D:4      | Noticed an ogre
  3483 | D:4      | Killed an ogre
  3484 | D:4      | Reached skill level 6 in Stealth
  3747 | D:4      | Noticed a black bear
  3754 | D:4      | Killed a black bear
  3755 | D:4      | Reached XP level 6. HP: 30/41 MP: 0/9
  3956 | D:4      | Reached skill level 7 in Stealth
  4212 | D:4      | Noticed Grinder
  4226 | D:4      | Killed Grinder
  4227 | D:4      | Reached skill level 8 in Stealth
  4227 | D:4      | Gained mutation: You may rarely emit foul miasma when
                  | damaged in melee. [demonic ancestry]
  4227 | D:4      | Reached XP level 7. HP: 20/46 MP: 0/10
  4333 | D:5      | Entered Level 5 of the Dungeon
  4334 | D:5      | Noticed Eustachio
  5134 | D:5      | Reached skill level 9 in Stealth
  5229 | D:5      | Killed Eustachio
  5230 | D:5      | Reached XP level 8. HP: 52/52 MP: 1/11
  5767 | D:5      | Reached skill level 10 in Stealth
  5974 | D:4      | Learned a level 3 spell: Inner Flame
  5979 | D:4      | Learned a level 4 spell: Flame Wave
  6230 | D:5      | Noticed Sigmund
  6238 | D:5      | Killed Sigmund
  6239 | D:5      | Reached skill level 1 in Fighting
  6239 | D:5      | Reached skill level 1 in Evocations
  6709 | D:6      | Found a radiant altar of Vehumet.
  6929 | D:6      | Noticed Menkaure
  6935 | D:6      | Killed Menkaure
  7102 | D:5      | Slain by a gnoll

Illustrated notes

Levels and vault maps discovered:
D:1:      amcnicky_arrival_underground_garden, layout_loops_ring,
          shapermc_ecumenical_altar_venn
D:2:      layout_basic, basic_altar
D:3:      layout_loops_ring, mainiacjoe_overflow_paths, kennysheep_flooded_box
D:4:      layout_cave_pools, old_standard_altar, minmay_temple_entry_trees,
          hangedman_decor_opposing, minmay_mini_jars, uniq_grinder
D:5:      layout_rooms, nicolae_elyvilon_temple_path, uniq_sigmund,
          uniq_eustachio
D:6:      layout_cave_pods, nicolae_vehumet_altar_sigil, guppyfry_shop_venom,
          uniq_menkaure
Temple:   eino_temple_lava

Skill      XL: |  1  2  3  4  5  6  7  8 |
---------------+-------------------------+-----
Stealth        | 2 3 4 5 6 8 9 10 | 10.0
Dodging        | 2 |  2.8
Fighting       | 2 |  2.0
Fire Magic     | 3 |  3.5
Evocations     | 2 |  2.0
Conjurations   | 2 |  2.4
Spellcasting   | 3 |  3.0

Action                   |  1- 3 |  4- 6 |  7- 9 || total
-------------------------+-------+-------+-------++-------
Melee: Short sword       |    92 |     4 |       ||    96
       Falchion          |     2 |       |       ||     2
       Dagger            |       |    34 |    48 ||    82
       Flail             |       |       |     1 ||     1
 Cast: Foxfire           |    17 |    25 |    51 ||    93
       Scorch            |    13 |    33 |    64 ||   110
Evoke: Wand              |       |       |     1 ||     1
  Use: Scroll            |       |       |     8 ||     8
       Potion            |       |       |     1 ||     1
 Stab: Sleeping          |     9 |     5 |     2 ||    16
Armor: Robe              |    23 |     6 |    15 ||    44
Dodge: Dodged            |    88 |    35 |   114 ||   237
